 Dungeon Crawl Stone Soup version 0.29.0-4-gdea44cf6ec (webtiles) character file.

Game seed: 3250937776502937057

6172 qw the Grappler (level 10, -8/96 HPs)
             Began as a Troll Cinder Acolyte on Sept 2, 2022.
             Was a Follower of Ignis.
             Killed by divine providence
             ... invoked by an orc priest
              (12 damage)
             ... on level 10 of the Dungeon.
             The game lasted 00:04:21 (8533 turns).

qw the Grappler (Troll Cinder Acolyte)              Turns: 8533, Time: 00:04:22

Health: -8/96      AC: 16    Str: 34    XL:     10   Next: 60%
Magic:  10/10      EV:  9    Int: 10    God:    Ignis [*.....]
Gold:   192        SH:  0    Dex:  5    Spells: 11/11 levels left

rFire   + . .      SeeInvis .     - Unarmed
rCold   . . .      Faith    .   (no shield)
rNeg    . . .      Spirit   .   b - +0 steam dragon scales
rPois   .          Reflect  .   a - +2 hat
rElec   .          Harm     .   (no cloak)
rCorr   .          Rampage  .   (gloves unavailable)
Will    +....                   (boots unavailable)
Stlth   +.........              (no amulet)
HPRegen 1.06/turn               d - ring of willpower
MPRegen 0.12/turn               e - +6 ring of strength

@: fiery-armoured
A: large, unfitting armour, claws 3, regeneration 1, shaggy fur 1, tough skin 1
a: Renounce Religion, Fiery Armour, Foxfire Swarm, Rising Flame


You were on level 10 of the Dungeon.
You worshipped Ignis.
Ignis was aware of your devotion.
You visited 1 branch of the dungeon, and saw 10 of its levels.
You also visited: Sewer.

You collected 552 gold pieces.
You spent 360 gold pieces at shops.


Innate Abilities, Weirdness & Mutations

You are too large for most types of armour.
You have claws for hands.
Your natural rate of healing is unusually fast.
You are covered in fur. (AC +1)
You have tough skin. (AC +1)


   Skills:
 - Level 5.4 Fighting
 - Level 5.0 Throwing
 - Level 1.0 Armour
 - Level 1.2 Dodging
 + Level 13.9 Unarmed Combat
 - Level 1.0 Spellcasting
 - Level 2.1 Fire Magic


You had 11 spell levels left.
You didn't know any spells.
Your spell library contained the following spells:

 Spells                   Type           Power      Damage    Failure   Level
 Scorch                   Fire           8%         2d5       22%         2

Inventory:

Missiles
 f - 6 boomerangs
 j - 3 large rocks
 l - 3 javelins (quivered)
Armour
 a - a +2 hat (worn)
 b - +0 steam dragon scales (worn)
Jewellery
 d - a ring of willpower (left claw)
 e - a +6 ring of strength (right claw)
Scrolls
 g - 6 scrolls of identify
Potions
 h - a potion of mutation
 i - 4 potions of curing
 k - 3 potions of haste

Dungeon Overview and Level Annotations

Branches:
Dungeon (10/15)            Temple (0/1) D:5           Sewer (visited)
   Lair: D:8-11         Orc: D:9-12

Altars:
Cheibriados
Dithmenos
Fedhas
Gozag
Hepliaklqana
Makhleb
Okawaru
Sif Muna
Xom
Zin

Shops:
D:5 *   D:7 *   D:8 !


Message History

The ice beast is severely wounded.
The killer bee closely misses you.
The orc wizard points at you and mumbles some strange words.
The puff of flame misses you.
The killer bee stings you but does no damage.
The killer bee is burned by your cloak of flames.
The killer bee is moderately wounded.
The ice beast barely misses you.
The ice beast hits you but does no damage.
The ice beast melts!
The ice beast is burned by your cloak of flames.
The ice beast is heavily wounded.
You closely miss the ice beast.
The ice beast is severely wounded.
The killer bee stings you.
The killer bee is burned by your cloak of flames.
The killer bee is heavily wounded.
You closely miss the ice beast.
The ice beast is severely wounded.
The killer bee stings you but does no damage.
The killer bee is burned by your cloak of flames.
The killer bee is severely wounded.
The ice beast hits you but does no damage.
The ice beast melts!
The ice beast is burned by your cloak of flames.
The ice beast is almost dead.
The orc wizard casts a spell at you.
The magic dart hits you but does no damage.
The ice beast barely misses you.
You barely miss the ice beast.
The ice beast is almost dead.
The killer bee stings you but does no damage.
The killer bee is burned by your cloak of flames.
The killer bee is severely wounded.
The killer bee stings you but does no damage.
The orc wizard casts a spell at you.
The magic dart hits you but does no damage.
The orc priest mumbles some strange prayers to Beogh against you.
Beogh smites you!
You die...

..# #.+ .... ### ### #.#
..... .. ..# #.#
......#? #.# #.#
....o...###.# #.##
......##....# ####...
#o.....# ##.<...<
###)##.####...###.
#@oo..........###.
#.YyYYY..>####Y../##.
.....Yyy.............###
............~~~~~....#
......?.S~~~~~~~~~~###
..~SSSSS~~~~~~~~~~~#
~~~~~~~~~~~~~~~~~~##
~~~~~~~~~~~~~~~~~##
~~~~~~#


You could see 5 ice beasts, 3 killer bees, 6 electric eels, an orc priest and an
orc wizard.

Vanquished Creatures
  Pikel (D:7)
  A wraith (D:9)
  4 yaks (D:9)
  3 steam dragons
  Menkaure (D:6)
  2 wargs (D:10)
  An acid dragon (D:9)
  2 swamp worms (D:9)
  2 water moccasins
  5 ice beasts
  A sky beast (D:8)
  A black bear (D:7)
  Pargi (Sewer)
  4 orc warriors
  An ogre (D:6)
  A centaur (D:5)
  A phantom (D:7)
  A lemure (D:7)
  4 kobold brigands
  2 bullfrogs
  6 scorpions
  A necrophage (D:5)
  A gnoll sergeant (D:9)
  3 wights (D:8)
  5 killer bees
  2 howler monkeys (D:10)
  4 jellies
  6 orc priests
  A gnoll bouda (D:9)
  5 hounds
  An iguana (D:6)
  5 orc wizards
  10 gnolls
  11 adders
  2 white imps
  5 worms
  9 dart slugs
  36 orcs
  6 ball pythons
  11 bats
  7 endoplasms
  7 giant cockroaches
  7 goblins
  6 hobgoblins
  4 jackals
  28 kobolds
  5 quokkas
  2 rats
235 creatures vanquished.

Vanquished Creatures (others)
  An ice beast (D:10)
  An orc wizard (D:7)
  2 orcs
  4 plants
8 creatures vanquished.

Grand Total: 243 creatures vanquished

Notes
Turn   | Place    | Note
-------+----------+-------------------------------------------
     0 | D:1      | qw the Troll Cinder Acolyte began the quest for the Orb.
     0 | D:1      | Reached XP level 1. HP: 22/22 MP: 1/1
     0 | D:1      | 0 ||| qw: Version: 0.1-a-97-g2dd2ca4
     0 | D:1      | 0 ||| qw: Game counter: 4955
     0 | D:1      | 0 ||| qw: Always use a shield: true
     0 | D:1      | 0 ||| qw: God list: Okawaru
     0 | D:1      | 0 ||| qw: Allow faded altars: false
     0 | D:1      | 0 ||| qw: Do Orc after D:15 true
     0 | D:1      | 0 ||| qw: Do second Lair branch before Depths: true
     0 | D:1      | 0 ||| qw: Lair rune preference: random
     0 | D:1      | 0 ||| qw: Plans: Normal
     0 | D:1      | 0 ||| PLANNING D:1-11
   102 | D:1      | 102 ||| Stepping ~*~*~tactically~*~*~ (stealth).
   104 | D:1      | 104 ||| Stepping ~*~*~tactically~*~*~ (hiding).
   114 | D:1      | Reached XP level 2. HP: 28/29 MP: 2/2
   119 | D:1      | 119 ||| Stepping ~*~*~tactically~*~*~ (stealth).
   169 | D:1      | 169 ||| Stepping ~*~*~tactically~*~*~ (hiding).
   189 | D:1      | 189 ||| Stepping ~*~*~tactically~*~*~ (hiding).
   190 | D:1      | 190 ||| Stepping ~*~*~tactically~*~*~ (hiding).
   196 | D:1      | Reached skill level 4 in Unarmed Combat
   312 | D:1      | Found a faded altar of an unknown god.
   385 | D:1      | Reached XP level 3. HP: 36/36 MP: 3/3
   810 | D:1      | 810 ||| DROPPING amulet of magic regeneration.
   811 | D:1      | 811 ||| READING 2 scrolls labelled SUWACWAIDD.
   812 | D:1      | 812 ||| READING scroll labelled JIPLURIL HUAWOCHO.
   813 | D:1      | 813 ||| DRINKING 2 smoky emerald potions.
   861 | D:1      | 861 ||| DROPPING potion of lignification.
  1024 | D:2      | 1024 ||| Stepping ~*~*~tactically~*~*~ (stealth).
  1027 | D:2      | 1027 ||| Stepping ~*~*~tactically~*~*~ (stealth).
  1038 | D:2      | 1038 ||| INVOKING Fiery Armour.
  1042 | D:2      | 1042 ||| FLEEEEING.
  1086 | D:2      | 1086 ||| Stepping ~*~*~tactically~*~*~ (stealth).
  1087 | D:2      | 1087 ||| Stepping ~*~*~tactically~*~*~ (stealth).
  1108 | D:2      | 1108 ||| Stepping ~*~*~tactically~*~*~ (stealth).
  1110 | D:2      | 1110 ||| Stepping ~*~*~tactically~*~*~ (stealth).
  1114 | D:2      | 1114 ||| Stepping ~*~*~tactically~*~*~ (stealth).
  1120 | D:2      | Reached skill level 5 in Unarmed Combat
  1120 | D:2      | Reached XP level 4. HP: 44/44 MP: 4/4
  1136 | D:2      | 1136 ||| Stepping ~*~*~tactically~*~*~ (stealth).
  1137 | D:2      | 1137 ||| Stepping ~*~*~tactically~*~*~ (stealth).
  1296 | D:2      | Found an iron altar of Okawaru.
  1527 | D:2      | 1527 ||| READING scroll labelled PUSUPS UG MEBO.
  1528 | D:2      | 1528 ||| READING scroll labelled ABBITW MAGOPP.
  1529 | D:2      | 1529 ||| READING 3 scrolls of identify.
  1529 | D:2      | 1529 ||| IDENTIFYING bubbling orange potion
  1530 | D:2      | 1530 ||| READING 2 scrolls of identify.
  1530 | D:2      | 1530 ||| IDENTIFYING brown potion
  1531 | D:2      | 1531 ||| DROPPING potion of attraction.
  1532 | D:2      | 1532 ||| DROPPING potion of flight.
  1726 | D:3      | 1726 ||| Stepping ~*~*~tactically~*~*~ (stealth).
  1830 | D:3      | 1830 ||| Stepping ~*~*~tactically~*~*~ (hiding).
  1908 | D:3      | Noticed a scorpion
  1914 | D:3      | Killed a scorpion
  1915 | D:3      | Reached skill level 6 in Unarmed Combat
  1915 | D:3      | Reached XP level 5. HP: 44/50 MP: 5/5
  2074 | D:3      | Found a faded altar of an unknown god.
  2074 | D:3      | Found a hazy altar of Hepliaklqana.
  2083 | D:3      | Found a faded altar of an unknown god.
  2085 | D:3      | Found a blossoming altar of Fedhas.
  2087 | D:3      | Found an opulent altar of Gozag.
  2356 | D:3      | 2356 ||| READING 2 scrolls labelled HAZUTH BOLI.
  2357 | D:3      | 2357 ||| READING scroll labelled ROASTECATET.
  2358 | D:3      | 2358 ||| READING scroll labelled XIUFUSTUEB.
  2359 | D:3      | 2359 ||| READING scroll labelled XUJUISU IGYUL.
  2360 | D:3      | 2360 ||| READING scroll labelled YGATUPOUKE.
  2361 | D:3      | 2361 ||| DROPPING scroll of magic mapping.
  2405 | D:4      | Reached XP level 6. HP: 57/59 MP: 6/6
  2478 | D:4      | 2478 ||| Stepping ~*~*~tactically~*~*~ (stealth).
  2502 | D:4      | 2502 ||| Stepping ~*~*~tactically~*~*~ (stealth).
  2504 | D:4      | 2504 ||| Stepping ~*~*~tactically~*~*~ (stealth).
  2509 | D:4      | Reached skill level 7 in Unarmed Combat
  2664 | D:4      | 2664 ||| Stepping ~*~*~tactically~*~*~ (hiding).
  2746 | D:4      | 2746 ||| Stepping ~*~*~tactically~*~*~ (stealth).
  2821 | D:4      | Found a shimmering blue altar of Sif Muna.
  3064 | D:4      | 3064 ||| READING scroll labelled KUFOAZ YNIS KYE.
  3065 | D:4      | 3065 ||| READING scroll labelled AKENGU CIHOBEIWK.
  3066 | D:4      | 3066 ||| READING scroll labelled XOITTE MULUREL.
  3067 | D:4      | 3067 ||| Stepping randomly (stuck).
  3068 | D:4      | 3068 ||| Stepping ~*~*~tactically~*~*~ (cloud).
  3095 | D:5      | Entered Level 5 of the Dungeon
  3096 | D:5      | 3096 ||| PLANNING SEWER
  3108 | D:5      | Noticed a water moccasin
  3113 | D:5      | Killed a water moccasin
  3159 | D:5      | Reached skill level 8 in Unarmed Combat
  3159 | D:5      | Reached XP level 7. HP: 66/66 MP: 7/7
  3169 | D:5      | Reached skill level 3 in Fighting
  3206 | D:5      | 3206 ||| INVOKING Fiery Armour.
  3319 | D:5      | 3319 ||| Stepping ~*~*~tactically~*~*~ (outnumbered).
  3320 | D:5      | 3320 ||| Stepping ~*~*~tactically~*~*~ (outnumbered).
  3321 | D:5      | 3321 ||| Stepping ~*~*~tactically~*~*~ (outnumbered).
  3322 | D:5      | 3322 ||| Stepping ~*~*~tactically~*~*~ (outnumbered).
  3323 | D:5      | 3323 ||| Stepping ~*~*~tactically~*~*~ (outnumbered).
  3398 | D:5      | Reached skill level 9 in Unarmed Combat
  3413 | D:5      | Found a staircase to the Ecumenical Temple.
  3436 | D:5      | Reached skill level 1 in Dodging
  3473 | D:5      | Found Yddaap's Overcharged Wands.
  3496 | D:5      | 3496 ||| SHOPLISTING wand of digging (11) (693 gold, have
                  | 276).
  3561 | D:5      | Reached XP level 8. HP: 64/75 MP: 8/8
  3591 | D:5      | Found a glowing drain.
  3592 | D:5      | 3592 ||| UPGRADING to ring of willpower.
  3593 | D:5      | 3593 ||| UPGRADING to +6 ring of strength.
  3594 | D:5      | 3594 ||| READING scroll labelled POSUTOISHREC.
  3599 | D:5      | 3599 ||| DRINKING 2 lumpy inky potions.
  3657 | Sewer    | Entered a sewer
  3684 | Sewer    | Noticed Pargi
  3702 | Sewer    | Killed Pargi
  3746 | Sewer    | 3746 ||| DROPPING potion of berserk rage.
  3767 | D:5      | 3767 ||| PLANNING D:1-11
  4094 | D:5      | 4094 ||| Stepping ~*~*~tactically~*~*~ (hiding).
  4100 | D:5      | Reached skill level 10 in Unarmed Combat
  4649 | D:6      | Reached skill level 1 in Throwing
  4697 | D:6      | Noticed Menkaure
  4704 | D:6      | 4704 ||| INVOKING Fiery Armour.
  4705 | D:6      | Killed Menkaure
  4706 | D:6      | Reached skill level 11 in Unarmed Combat
  4783 | D:6      | 4783 ||| READING scroll labelled WIEMAZ BUTAK.
  4820 | D:6      | 4820 ||| DRINKING 2 pink potions.
  4821 | D:6      | 4821 ||| DRINKING 3 ruby potions.
  4822 | D:6      | 4822 ||| READING 4 scrolls of identify.
  4822 | D:6      | 4822 ||| IDENTIFYING emerald potion
  4823 | D:6      | 4823 ||| READING 3 scrolls of identify.
  4823 | D:6      | 4823 ||| IDENTIFYING metallic blue potion
  4824 | D:6      | 4824 ||| DROPPING potion of ambrosia.
  4825 | D:6      | 4825 ||| DROPPING potion of magic.
  4912 | D:7      | 4912 ||| INVOKING Fiery Armour.
  4915 | D:7      | Reached XP level 9. HP: 64/84 MP: 9/9
  4955 | D:7      | Found a snail-covered altar of Cheibriados.
  4956 | D:7      | 4956 ||| UPGRADING to +0 steam dragon scales.
  4970 | D:7      | 4970 ||| DROPPING +0 robe.
  4984 | D:7      | Reached skill level 1 in Armour
  5051 | D:7      | 5051 ||| Stepping ~*~*~tactically~*~*~ (hiding).
  5055 | D:7      | 5055 ||| INVOKING Fiery Armour.
  5057 | D:7      | Noticed Pikel
  5058 | D:7      | Found Modaez's Assorted Antiques.
  5070 | D:7      | 5070 ||| Stepping ~*~*~tactically~*~*~ (outnumbered).
  5072 | D:7      | Reached skill level 12 in Unarmed Combat
  5075 | D:7      | 5075 ||| FLEEEEING.
  5076 | D:7      | 5076 ||| FLEEEEING.
  5077 | D:7      | 5077 ||| FLEEEEING.
  5102 | D:7      | Killed Pikel
  5114 | D:7      | 5114 ||| BUYING scroll labelled BALYCA CYRAOS (29 gold).
  5114 | D:7      | Bought a scroll labelled BALYCA CYRAOS for 29 gold pieces
  5114 | D:7      | 5114 ||| BUYING scroll of identify (58 gold).
  5114 | D:7      | Bought a scroll of identify for 58 gold pieces
  5126 | D:7      | Found a shimmering altar of Xom.
  5224 | D:7      | 5224 ||| Stepping ~*~*~tactically~*~*~ (hiding).
  5365 | D:7      | 5365 ||| Stepping ~*~*~tactically~*~*~ (stealth).
  5369 | D:7      | 5369 ||| INVOKING Fiery Armour.
  5372 | D:7      | 5372 ||| Stepping ~*~*~tactically~*~*~ (outnumbered).
  5450 | D:7      | Found a shadowy altar of Dithmenos.
  5588 | D:7      | 5588 ||| READING scroll labelled BALYCA CYRAOS.
  5588 | D:7      | 5588 ||| ACQUIRING +2 hat
  5588 | D:7      | Acquired a +2 hat
  5590 | D:7      | 5590 ||| UPGRADING to +2 hat.
  5914 | D:8      | Found Surigoz's Distillery.
  5929 | D:8      | 5929 ||| BUYING potion of curing (39 gold).
  5929 | D:8      | Bought a potion of curing for 39 gold pieces
  5929 | D:8      | 5929 ||| BUYING potion of haste (130 gold).
  5929 | D:8      | Bought a potion of haste for 130 gold pieces
  5929 | D:8      | 5929 ||| BUYING potion of mutation (104 gold).
  5929 | D:8      | Bought a potion of mutation for 104 gold pieces
  6117 | D:8      | 6117 ||| Stepping ~*~*~tactically~*~*~ (stealth).
  6128 | D:8      | 6128 ||| Stepping ~*~*~tactically~*~*~ (stealth).
  6154 | D:8      | 6154 ||| Stepping ~*~*~tactically~*~*~ (stealth).
  6155 | D:8      | 6155 ||| Stepping ~*~*~tactically~*~*~ (stealth).
  6164 | D:8      | 6164 ||| Stepping ~*~*~tactically~*~*~ (stealth).
  6180 | D:8      | 6180 ||| Stepping ~*~*~tactically~*~*~ (stealth).
  6182 | D:8      | 6182 ||| Stepping ~*~*~tactically~*~*~ (stealth).
  6258 | D:8      | 6258 ||| Stepping ~*~*~tactically~*~*~ (outnumbered).
  6260 | D:8      | 6260 ||| Stepping ~*~*~tactically~*~*~ (outnumbered).
  6261 | D:8      | 6261 ||| Stepping ~*~*~tactically~*~*~ (outnumbered).
  6262 | D:8      | 6262 ||| Stepping ~*~*~tactically~*~*~ (outnumbered).
  6266 | D:8      | 6266 ||| INVOKING Fiery Armour.
  6269 | D:8      | HP: 22/88 [killer bee (2)]
  6270 | D:8      | Reached XP level 10. HP: 24/96 MP: 10/10
  6274 | D:8      | HP: 21/96 [poisoned by a killer bee]
  6480 | D:8      | Found a burning altar of Makhleb.
  6482 | D:8      | Noticed an Executioner
  6489 | D:8      | Found a glowing silver altar of Zin.
  6489 | D:8      | Noticed an angel
  6619 | D:8      | 6619 ||| Stepping ~*~*~tactically~*~*~ (stealth).
  6620 | D:8      | 6620 ||| Stepping ~*~*~tactically~*~*~ (stealth).
  6623 | D:8      | 6623 ||| Stepping ~*~*~tactically~*~*~ (stealth).
  6626 | D:8      | 6626 ||| Stepping ~*~*~tactically~*~*~ (outnumbered).
  6628 | D:8      | 6628 ||| Stepping ~*~*~tactically~*~*~ (outnumbered).
  6631 | D:8      | Reached skill level 13 in Unarmed Combat
  6950 | D:9      | 6950 ||| Stepping ~*~*~tactically~*~*~ (stealth).
  6952 | D:9      | 6952 ||| INVOKING Fiery Armour.
  6953 | D:9      | 6953 ||| Stepping ~*~*~tactically~*~*~ (outnumbered).
  6954 | D:9      | 6954 ||| STAIRDANCE
  6962 | D:9      | 6962 ||| STAIRDANCE
  6970 | D:9      | 6970 ||| STAIRDANCE
  6983 | D:9      | 6983 ||| Stepping ~*~*~tactically~*~*~ (outnumbered).
  7009 | D:9      | Reached skill level 3 in Throwing
  7009 | D:9      | 7009 ||| FLEEEEING.
  7012 | D:9      | 7012 ||| Stepping ~*~*~tactically~*~*~ (outnumbered).
  7013 | D:9      | 7013 ||| Stepping ~*~*~tactically~*~*~ (outnumbered).
  7018 | D:9      | 7018 ||| Stepping ~*~*~tactically~*~*~ (outnumbered).
  7019 | D:9      | 7019 ||| Stepping ~*~*~tactically~*~*~ (outnumbered).
  7020 | D:9      | 7020 ||| Stepping ~*~*~tactically~*~*~ (outnumbered).
  7021 | D:9      | 7021 ||| Stepping ~*~*~tactically~*~*~ (outnumbered).
  7022 | D:9      | 7022 ||| Stepping ~*~*~tactically~*~*~ (outnumbered).
  7121 | D:9      | 7121 ||| INVOKING Fiery Armour.
  7147 | D:9      | 7147 ||| Stepping ~*~*~tactically~*~*~ (hiding).
  7155 | D:9      | 7155 ||| FLEEEEING.
  7156 | D:9      | 7156 ||| FLEEEEING.
  7157 | D:9      | 7157 ||| FLEEEEING.
  7158 | D:9      | 7158 ||| FLEEEEING.
  7159 | D:9      | 7159 ||| FLEEEEING.
  7160 | D:9      | 7160 ||| FLEEEEING.
  7161 | D:9      | 7161 ||| FLEEEEING.
  7162 | D:9      | 7162 ||| FLEEEEING.
  7163 | D:9      | 7163 ||| FLEEEEING.
  7164 | D:9      | 7164 ||| FLEEEEING.
  7165 | D:9      | 7165 ||| FLEEEEING.
  7166 | D:9      | 7166 ||| FLEEEEING.
  7167 | D:9      | 7167 ||| FLEEEEING.
  7168 | D:9      | 7168 ||| FLEEEEING.
  7170 | D:9      | 7170 ||| FLEEEEING.
  7171 | D:9      | 7171 ||| FLEEEEING.
  7172 | D:9      | 7172 ||| FLEEEEING.
  7173 | D:9      | 7173 ||| FLEEEEING.
  7174 | D:9      | 7174 ||| FLEEEEING.
  7176 | D:9      | 7176 ||| FLEEEEING.
  7177 | D:9      | 7177 ||| FLEEEEING.
  7178 | D:9      | 7178 ||| FLEEEEING.
  7179 | D:9      | 7179 ||| FLEEEEING.
  7180 | D:9      | 7180 ||| FLEEEEING.
  7290 | D:9      | 7290 ||| Stepping ~*~*~tactically~*~*~ (stealth).
  7291 | D:9      | 7291 ||| Stepping ~*~*~tactically~*~*~ (hiding).
  7292 | D:9      | 7292 ||| Stepping ~*~*~tactically~*~*~ (hiding).
  7294 | D:9      | 7294 ||| Stepping ~*~*~tactically~*~*~ (outnumbered).
  7295 | D:9      | 7295 ||| Stepping ~*~*~tactically~*~*~ (outnumbered).
  7296 | D:9      | 7296 ||| Stepping ~*~*~tactically~*~*~ (outnumbered).
  7297 | D:9      | 7297 ||| Stepping ~*~*~tactically~*~*~ (outnumbered).
  7298 | D:9      | 7298 ||| Stepping ~*~*~tactically~*~*~ (outnumbered).
  7521 | D:9      | 7521 ||| Stepping ~*~*~tactically~*~*~ (outnumbered).
  7527 | D:9      | 7527 ||| Stepping ~*~*~tactically~*~*~ (outnumbered).
  7560 | D:9      | 7560 ||| Stepping ~*~*~tactically~*~*~ (hiding).
  8256 | D:9      | 8256 ||| Stepping ~*~*~tactically~*~*~ (hiding).
  8435 | D:9      | Identified the +5 rapier of Proximity {flame, +Blink Int+5}
  8436 | D:9      | 8436 ||| READING 7 scrolls of identify.
  8436 | D:9      | 8436 ||| IDENTIFYING blue potion
  8437 | D:9      | 8437 ||| DROPPING potion of brilliance.
  8473 | D:10     | Entered Level 10 of the Dungeon
  8490 | D:10     | 8490 ||| Stepping ~*~*~tactically~*~*~ (hiding).
  8491 | D:10     | 8491 ||| Stepping ~*~*~tactically~*~*~ (hiding).
  8493 | D:10     | 8493 ||| INVOKING Fiery Armour.
  8502 | D:10     | 8502 ||| Stepping ~*~*~tactically~*~*~ (outnumbered).
  8503 | D:10     | 8503 ||| Stepping ~*~*~tactically~*~*~ (outnumbered).
  8504 | D:10     | 8504 ||| Stepping ~*~*~tactically~*~*~ (outnumbered).
  8505 | D:10     | 8505 ||| Stepping ~*~*~tactically~*~*~ (outnumbered).
  8509 | D:10     | 8509 ||| Stepping ~*~*~tactically~*~*~ (outnumbered).
  8514 | D:10     | HP: 18/96 [electric eel/bolt of electricity (10)]
  8515 | D:10     | 8515 ||| DRINKING 3 potions of heal wounds.
  8516 | D:10     | 8516 ||| DRINKING 2 potions of heal wounds.
  8517 | D:10     | 8517 ||| Stepping ~*~*~tactically~*~*~ (outnumbered).
  8519 | D:10     | HP: 24/96 [ice beast (1)]
  8520 | D:10     | 8520 ||| DRINKING potion of heal wounds.
  8524 | D:10     | HP: 7/96 [warg (9)]
  8525 | D:10     | HP: 2/96 [electric eel/bolt of electricity (6)]
  8531 | D:10     | HP: 2/96 [killer bee (4)]
  8533 | D:10     | Killed from afar by an orc priest

Levels and vault maps discovered:
D:1:      dpeg_arrival_brainrot, layout_basic, ebering_ecumenical_altar_box,
          nicolae_wormholes
D:2:      layout_loops_ring, basic_altar
D:3:      layout_basic, chequers_temple_overflow_minitemple
D:4:      minmay_inner_zag, layout_cave_pools,
          mainiacjoe_overflow_concentric_impassable
D:5:      layout_cave_pods, temple_pool_b, portal_sewer_entry_e,
          nicolae_shop_overcharged_wands
D:6:      layout_gridville, uniq_menkaure
D:7:      layout_loops_ring, slow_altar_1, mainiacjoe_overflow_six_doors_small,
          grunt_dithmenos_shadows, serial_shops, shop, uniq_pikel
D:8:      layout_layer_cave, grunt_temple_overflow_order_and_chaos_2,
          enter_bailey_4, serial_shops, nicolae_shop_window_shopping,
          nicolae_sextant
D:9:      layout_grid_maze, hex_large, worms_lemuel
D:10:     minmay_twisted_water, layout_loops_cross, nicolae_vehumet_altar_sigil,
          erik_lair_orcish_takeover, skrybe_limestone_x

Skill      XL: |  1  2  3  4  5  6  7  8  9 10 |
---------------+-------------------------------+-----
Unarmed Combat | 4 5 6 8 9 11 12 13 | 13.9
Fighting       | 3 4 5 |  5.4
Dodging        | 1 |  1.2
Throwing       | 1 5 |  5.0
Armour         | 1 |  1.0
Spellcasting   | |  1.0
Fire Magic     | |  2.1

Action                   |  1- 3 |  4- 6 |  7- 9 | 10-12 || total
-------------------------+-------+-------+-------+-------++-------
Melee: Unarmed           |    59 |    77 |   214 |   133 ||   483
       Punch             |       |     3 |     9 |     7 ||    19
Throw: Boomerang         |    52 |    62 |    29 |     2 ||   145
       Large rock        |       |       |       |     5 ||     5
       Javelin           |       |       |       |     1 ||     1
Invok: Fiery Armour      |     1 |       |     6 |     3 ||    10
  Use: Scroll            |     2 |    12 |     5 |     1 ||    20
       Potion            |     1 |       |     3 |     3 ||     7
 Stab: Sleeping          |       |     1 |       |       ||     1
Armor: Robe              |    19 |    29 |    27 |       ||    75
       Steam dragon scal |       |       |    36 |    71 ||   107
Dodge: Dodged            |    22 |    25 |    69 |    62 ||   178

Table legend:
 A = Non-vault XP
 B = Vault XP
 C = Vault XP percentage of total XP
 D = Non-vault monster count
 E = Vault monster count
 F = Vault count percentage of total count
                 A         B        C        D         E       F
            +---------+---------+-------+---------+---------+-------
      Total |    6564 |    2254 |  25.6 |     202 |      34 |  14.4
            +---------+---------+-------+---------+---------+-------
        D:1 |      55 |       7 |  11.3 |      25 |       2 |   7.4
        D:2 |      85 |       5 |   5.6 |      20 |       1 |   4.8
        D:3 |     182 |       0 |   0.0 |      19 |       0 |   0.0
        D:4 |     141 |      30 |  17.5 |       9 |       7 |  43.8
        D:5 |    1208 |       0 |   0.0 |      27 |       0 |   0.0
        D:6 |     732 |     172 |  19.0 |      11 |       1 |   8.3
        D:7 |    1294 |     775 |  37.5 |      27 |       3 |  10.0
        D:8 |     762 |      12 |   1.6 |      24 |       5 |  17.2
        D:9 |    1931 |     322 |  14.3 |      37 |       2 |   5.1
       D:10 |     174 |     797 |  82.1 |       3 |       9 |  75.0
      Sewer |       0 |     134 | 100.0 |       0 |       4 | 100.0
            +---------+---------+-------+---------+---------+-------
